Map: Tête de pont EC (Void)

Players

AgCl - Winner!

  • Race: Protoss Protoss
  • League: Gold

blacko

  • Race: Zerg Zerg
  • League: Grandmaster

VOD

Have the link to the VOD?

Description

Time

  • Played on: July 17, 2015, 7:44 p.m.
  • Length: 18:29
Show
View Real Time Build Order
Export as new Build Order

AgCl Protoss - Winner!

Build Orders:  

Get SALT Encoding   

  12  0:12  Probe  
  12  0:13  Pylon  
  13  0:24  Probe  
  14  0:32  Gateway  
  14  0:37  Probe  
  15  0:49  Probe  
  16  1:01  Probe  
  17  1:05  Assimilator  
  17  1:13  Probe  
  18  1:25  Probe  
  19  1:26  Zealot (Chrono Boost)  
  21  1:37  Cybernetics Core, Probe  
  22  2:01  Nexus  
  22  2:10  Assimilator  
  22  2:16  Warp Gate (Chrono Boost)  
  22  2:21  Pylon  
  22  2:39  Mothership Core (Chrono Boost)  
  22  2:53  Gateway  
  22  2:54  Gateway  
  22  2:58  Probe (Chrono Boost)  
  23  3:03  Pylon  
  23  3:05  Probe  
  24  3:14  Gateway  
  24  3:15  Probe (Chrono Boost)  
  26  3:22  Probe (Chrono Boost)  
  27  3:27  Probe (Chrono Boost)  
  27  3:33  Probe (Chrono Boost)  
  27  3:34  Probe (Chrono Boost)  
  28  3:41  Gateway  
  28  3:44  Probe  
  29  3:50  Probe  
  29  3:53  Gateway  
  30  3:56  Probe  
  30  4:01  Sentry  
  30  4:02  Probe  
  34  4:05  Adept  
  34  4:06  Adept  
  38  4:22  Probe (Chrono Boost)  
  40  4:26  Stargate  
  40  4:28  Probe (Chrono Boost)  
  41  4:32  Probe (Chrono Boost)  
  41  4:35  Probe (Chrono Boost)  
  41  4:38  Gateway  
  41  4:39  Probe, Adept x2  
  46  4:48  Probe  
  48  5:00  Probe (Chrono Boost)  
  48  5:02  Probe (Chrono Boost)  
  48  5:05  Assimilator  
  49  5:07  Assimilator  
  49  5:12  Probe (Chrono Boost)  
  51  5:18  Fleet Beacon  
  51  5:19  Pylon  
  50  5:30  Pylon  
  50  5:31  Probe  
  51  5:36  Probe  
  51  5:37  Oracle (Chrono Boost)  
  55  5:43  Probe (Chrono Boost)  
  55  5:48  Probe (Chrono Boost)  
  55  5:49  Carrier (Chrono Boost)  
  57  5:55  Probe (Chrono Boost)  
  58  5:59  Probe (Chrono Boost)  
  58  6:02  Nexus  
  58  6:03  Probe (Chrono Boost)  
  58  6:05  Probe (Chrono Boost)  
  58  6:10  Pylon  
  65  6:12  Probe  
  64  6:25  Pylon  
  64  6:27  Assimilator  
  64  6:28  Probe (Chrono Boost)  
  64  6:31  Assimilator  
  66  6:38  Stargate  
  67  6:40  Mothership Core (Chrono Boost), Pylon  
  67  6:45  Probe (Chrono Boost)  
  68  6:47  Pylon  
  68  6:51  Protoss Air Weapons Level 1 (Chrono Boost)  
  68  6:54  Probe x2  
  69  6:55  Pylon, Carrier (Chrono Boost)  
  70  7:06  Probe x2 (Chrono Boost)  
  72  7:18  Probe (Chrono Boost)  
  81  7:24  Probe x2 (Chrono Boost)  
  81  7:28  Probe (Chrono Boost)  
  82  7:34  Probe x2 (Chrono Boost)  
  82  7:35  Probe (Chrono Boost)  
  85  7:39  Stargate  
  85  7:41  Pylon  
  85  7:42  Probe  
  86  7:45  Probe  
  87  7:52  Probe, Pylon  
  87  7:53  Gateway  
  87  7:55  Gateway  
  87  7:56  Forge  
  88  8:05  Probe  
  89  8:09  Adept x4  
  97  8:25  Protoss Air Weapons Level 2 (Chrono Boost)  
  97  8:29  Probe (Chrono Boost)  
  97  8:30  Photon Cannon  
  97  8:31  Protoss Ground Weapons Level 1 (Chrono Boost)  
  99  8:34  Gateway, Probe (Chrono Boost)  
  99  8:36  Pylon  
  99  8:42  Nexus  
  99  8:46  Assimilator  
  99  8:48  Probe  
  100  8:51  Assimilator  
  100  8:56  Nexus, Carrier (Chrono Boost)  
  100  8:57  Twilight Council  
  100  8:59  Probe, Pylon  
  100  9:00  Carrier (Chrono Boost)  
  100  9:01  Photon Cannon  
  100  9:02  Probe  
  109  9:23  Assimilator  
  109  9:24  Probe  
  115  9:26  Adept  
  115  9:29  Carrier (Chrono Boost)  
  114  9:53  Carrier (Chrono Boost)  
  114  9:54  Carrier (Chrono Boost)  
  114  10:06  Assimilator  
  126  10:16  Templar Archives  
  126  10:18  Pylon x2  
  126  10:21  Nexus  
  126  10:22  Robotics Facility  
  126  10:25  Probe  
  127  10:29  Probe  
  128  10:37  Probe  
  128  10:38  Probe  
  130  10:43  Photon Cannon  
  130  10:44  Probe  
  130  10:47  Probe  
  130  10:49  Probe  
  133  10:50  Probe  
  133  10:53  Carrier (Chrono Boost)  
  133  10:56  Probe  
  135  10:57  Shield Upgrade  
  135  10:59  Pylon  
  138  11:18  Observer (Chrono Boost)  
  138  11:28  Probe  
  138  11:29  Carrier (Chrono Boost)  
  138  11:32  Observer (Chrono Boost)  
  140  11:35  Photon Cannon  
  141  11:40  Probe (Chrono Boost)  
  141  11:41  Probe (Chrono Boost)  
  141  11:42  Pylon  
  141  11:47  Probe x2 (Chrono Boost)  
  144  11:50  Probe (Chrono Boost)  
  144  11:51  Probe (Chrono Boost)  
  144  11:54  Probe (Chrono Boost)  
  150  11:55  Protoss Air Weapons Level 3 (Chrono Boost)  
  150  11:59  Psionic Storm  
  150  12:00  Photon Cannon  
  152  12:08  Probe  
  151  12:10  Probe  
  151  12:14  Probe  
  153  12:17  Probe  
  153  12:18  High Templar x3  
  153  12:19  High Templar  
  162  12:28  Probe  
  162  12:29  Dark Shrine  
  163  12:36  Dark Shrine, Protoss Ground Weapons Level 2, Carrier (Chrono Boost)  
  163  12:37  Probe  
  163  12:39  Adept x3  
  163  12:40  Adept  
  163  12:41  Probe  
  136  13:10  Pylon  
  136  13:12  Pylon  
  134  13:18  Pylon  
  134  13:52  Fleet Beacon  
  134  13:54  Phoenix x2 (Chrono Boost)  
  132  14:10  Archon  
  132  14:12  Archon  
  132  14:30  Pylon  
  131  14:32  Pylon  
  131  14:33  Pylon  
  119  15:00  Gateway  
  119  15:03  Gateway  
  114  15:31  Fleet Beacon  
  112  16:03  Pylon  
  110  16:07  Pylon  
  110  16:24  Pylon  
  107  16:25  Pylon  
  107  16:29  Pylon  
Show
View Real Time Build Order
Export as new Build Order

blacko Zerg 

Build Orders: Hatch First 

Get SALT Encoding   

  12  0:01  Drone  
  13  0:10  Drone  
  14  0:17  Overlord  
  14  0:26  Extractor  
  14  0:27  Drone  
  15  0:37  Drone x2  
  17  0:45  Drone  
  18  1:01  Drone  
  19  1:05  Hatchery  
  19  1:06  Drone, Extractor  
  18  1:20  Spawning Pool  
  18  1:23  Drone  
  18  1:32  Drone  
  19  1:40  Drone  
  20  1:50  Overlord  
  20  2:11  Metabolic Boost  
  20  2:13  Queen  
  22  2:17  Queen  
  22  2:18  Zergling x2  
  22  2:19  Zergling x4  
  27  2:31  Zergling x4  
  29  2:49  Zergling x2  
  29  2:50  Zergling x6  
  32  2:59  Drone  
  33  3:10  Drone x2  
  35  3:12  Overlord  
  35  3:24  Roach Warren  
  35  3:25  Extractor  
  35  3:26  Drone  
  34  3:27  Drone  
  34  3:30  Overlord x2  
  35  3:44  Spore Crawler  
  35  3:45  Queen  
  37  3:48  Drone x3  
  37  3:51  Drone x2  
  37  3:52  Drone  
  42  4:00  Drone x3  
  42  4:01  Drone  
  44  4:18  Drone x4  
  44  4:19  Drone x3  
  44  4:23  Extractor  
  50  4:25  Extractor  
  49  4:42  Queen  
  51  4:49  Spine Crawler  
  50  4:52  Spine Crawler  
  50  4:53  Drone x5  
  50  4:54  Drone x3  
  50  4:55  Spore Crawler  
  55  5:13  Roach  
  59  5:14  Roach  
  59  5:38  Overlord x3  
  59  5:50  Lair  
  59  5:56  Roach x3  
  71  5:57  Roach x7  
  71  5:58  Roach  
  80  6:19  Roach  
  80  6:23  Overlord x4  
  82  6:38  Hatchery  
  81  6:41  Drone x3  
  81  6:42  Drone x2  
  86  6:50  Roach  
  86  6:52  Roach  
  90  7:18  Drone x2  
  90  7:19  Spore Crawler  
  90  7:20  Spore Crawler  
  90  7:21  Drone x9  
  99  7:39  Evolution Chamber  
  99  7:42  Evolution Chamber  
  97  7:47  Roach  
  97  7:48  Roach x4  
  107  7:52  Drone x6  
  107  7:53  Hydralisk Den  
  112  8:03  Infestation Pit, Glial Reconstitution  
  111  8:14  Extractor  
  111  8:17  Extractor, Queen  
  110  8:21  Roach x6  
  110  8:22  Overlord  
  110  8:23  Overlord  
  110  8:26  Overseer x2  
  122  8:32  Zerg Missile Weapons Level 1, Zerg Ground Armor Level 1  
  122  8:53  Spire  
  121  9:13  Overlord x14  
  121  9:22  Tunneling Claws  
  121  9:33  Hatchery  
  121  9:37  Hydralisk  
  121  9:38  Hydralisk x9  
  139  9:49  Drone x3  
  139  9:50  Drone x5  
  143  10:04  Hydralisk x3  
  143  10:05  Hydralisk x2  
  153  10:16  Spore Crawler  
  153  10:17  Spore Crawler x2  
  153  10:19  Spore Crawler  
  153  10:21  Spore Crawler  
  148  10:24  Spore Crawler  
  148  10:25  Spore Crawler  
  148  10:26  Zerg Missile Weapons Level 2  
  148  10:28  Zerg Ground Armor Level 2  
  146  10:42  Hydralisk  
  146  10:43  Hydralisk x4  
  155  11:00  Hydralisk x6  
  154  11:19  Hydralisk  
  154  11:20  Hydralisk x6  
  158  11:40  Hydralisk  
  158  11:41  Hydralisk x4  
  166  11:51  Hydralisk x3  
  168  12:17  Hydralisk x10  
  178  12:44  Hydralisk x8  
  156  13:17  Hydralisk  
  156  13:18  Hydralisk x7  
  144  13:37  Zergling x22  
  149  13:48  Hydralisk  
  149  13:49  Hydralisk x2  
  140  14:08  Hydralisk  
  140  14:09  Hydralisk x4  
  89  15:19  Spawning Pool  
  82  15:40  Hydralisk x4  
  35  16:18  Drone x3  
  29  16:30  Queen  
  31  16:35  Extractor  
  31  16:36  Extractor  
  28  16:43  Hydralisk x3  
  30  17:07  Overlord x2  
  30  17:15  Hatchery  
  29  17:21  Overlord  
  29  17:23  Hatchery  
  29  17:24  Queen  
  24  17:53  Drone x4  
  24  17:54  Drone x2  
Tags
 
Add a new tag
Caveats
  • Supply blocks, unpowered buildings, or Contaminate may cause inaccurate times.
  • Supply counts are checked every 10 seconds.